MLB
BOSTON RED SOX @ HOUSTON ASTROS
03/13/2045
 
TOP OF THE 1ST
Boston Red Sox batting - Pitching for Houston Astros : RHP Mike Staus
Pitching: RHP Mike Staus
Batting: SHB Robbie Rogers 0-0: Ground out 5-3 (Groundball, 5S, EV 70.6 MPH)
Batting: LHB Brian Gray 0-0: DOUBLE (Flyball, 78XD, EV 106.9 MPH)
Batting: SHB Ben Ervin 0-0: Ball
1-0: Called Strike
Brian Gray is caught stealing 3rd base 2-5
1-1: Called Strike
1-2: Foul Ball, location: 2F
1-2: Strikes out swinging
Top of the 1st over - 0 runs, 1 hit, 0 errors, 0 left on base; Boston 0 - Houston 0
BOTTOM OF THE 1ST
Houston Astros batting - Pitching for Boston Red Sox : LHP Marquise Barretti
Pitching: LHP Marquise Barretti
Batting: RHB Matt Thompson 0-0: Swinging Strike
0-1: Ball
1-1: SINGLE (Line Drive, 6D, EV 96.9 MPH)
Batting: RHB Chang-wei Jiang 0-0: Ball
1-0: 2-RUN HOME RUN (Line Drive, 78XD, EV 117.5 MPH), Distance : 461 ft
Batting: SHB Addick de Vries 0-0: Foul Ball, location: 2F
0-1: Ball
1-1: Foul Ball, location: 2F
1-2: Ball
2-2: Ball
3-2: Ground out 5-3 (Groundball, 56S, EV 76.2 MPH)
Batting: SHB Joe Gardner 0-0: Called Strike
0-1: Ball
1-1: Ground out 5-3 (Groundball, 56, EV 81.9 MPH)
Batting: RHB Trevor Mock 0-0: Ball
1-0: Foul Ball, location: 2F
1-1: Ground out 6-3 (Groundball, 56, EV 101.2 MPH)
Bottom of the 1st over - 2 runs, 2 hits, 0 errors, 0 left on base; Boston 0 - Houston 2
TOP OF THE 2ND
Boston Red Sox batting - Pitching for Houston Astros : RHP Mike Staus
Batting: RHB Jim Zucco 0-0: Ball
1-0: Foul Ball, location: 2F
1-1: Ball
2-1: SINGLE (Groundball, 6M, EV 84.4 MPH) (infield hit)
Batting: SHB Marvin Lawrence 0-0: Ball
1-0: Fly out, F9 (Flyball, 9D, EV 93.8 MPH)
Batting: SHB Rich Chavez 0-0: Called Strike
0-1: Foul Ball, location: 2F
0-2: Strikes out looking
Batting: RHB Scott Treider 0-0: Fly out, F8 (Flyball, 8RXD, EV 102.5 MPH)
Top of the 2nd over - 0 runs, 1 hit, 0 errors, 1 left on base; Boston 0 - Houston 2
BOTTOM OF THE 2ND
Houston Astros batting - Pitching for Boston Red Sox : LHP Marquise Barretti
Batting: LHB Jim Keefe 0-0: Called Strike
0-1: Called Strike
0-2: Fly out, F2 (Popup, 2LF, EV 88.8 MPH)
Batting: RHB Jeremy Trump 0-0: Ball
1-0: Called Strike
1-1: Called Strike
1-2: Ball
2-2: DOUBLE (Line Drive, 9LM, EV 93.1 MPH)
Batting: RHB Antonio Aranda 0-0: Ball
1-0: Ball
2-0: Called Strike
2-1: Called Strike
2-2: Ball
3-2: Base on Balls
Batting: LHB Chris Cabrera 0-0: Called Strike
0-1: Foul Ball, location: 2F
0-2: Ball
1-2: Ball
2-2: Foul Ball, location: 2F
2-2: Strikes out swinging
Batting: RHB Matt Thompson 0-0: Ball
1-0: Ball
2-0: Ball
3-0: Base on Balls
Jeremy Trump to third
Antonio Aranda to second
Batting: RHB Chang-wei Jiang 0-0: Ball
1-0: DOUBLE (Groundball, 5L, EV 106.9 MPH)
Jeremy Trump scores
Antonio Aranda scores
Matt Thompson to third
Runner from 3rd tries for Home, SAFE, no throw by LF
Batting: SHB Addick de Vries 0-0: Reached on error, E4 (Groundball, 4, EV 107.5 MPH)
Chang-wei Jiang to third
Pitching: RHP Jose Saenz
Batting: SHB Joe Gardner 0-0: Foul Ball, location: 2F
0-1: Ball
1-1: 3-RUN HOME RUN (Flyball, 9LD, EV 93.8 MPH), Distance : 350 ft
Batting: RHB Trevor Mock 0-0: Foul Ball, location: 2F
0-1: Fly out, F7 (Flyball, 7, EV 93.8 MPH)
Bottom of the 2nd over - 6 runs, 3 hits, 1 error, 0 left on base; Boston 0 - Houston 8
TOP OF THE 3RD
Boston Red Sox batting - Pitching for Houston Astros : RHP Mike Staus
Batting: LHB Shoichi Aso 0-0: SINGLE (Flyball, 3D, EV 91.9 MPH)
Batting: RHB Won-jun Park 0-0: Ball
1-0: Ball
2-0: Called Strike
2-1: Grounds into double play, 4-6-3 (Groundball, 4, EV 84.4 MPH)
Batting: SHB Robbie Rogers 0-0: Ground out 5-3 (Groundball, 56, EV 88.1 MPH)
Top of the 3rd over - 0 runs, 1 hit, 0 errors, 0 left on base; Boston 0 - Houston 8
BOTTOM OF THE 3RD
Houston Astros batting - Pitching for Boston Red Sox : RHP Jose Saenz
Batting: LHB Jim Keefe 0-0: Ground out 6-3 (Groundball, 6M, EV 85.0 MPH)
Batting: RHB Jeremy Trump 0-0: Called Strike
0-1: Fly out, F7 (Flyball, 78XD, EV 105.6 MPH)
Batting: RHB Antonio Aranda 0-0: Foul Ball, location: 2F
0-1: Ball
1-1: Ball
2-1: Foul Ball, location: 2F
2-2: Foul Ball, location: 2F
2-2: Strikes out swinging
Bottom of the 3rd over - 0 runs, 0 hits, 0 errors, 0 left on base; Boston 0 - Houston 8
TOP OF THE 4TH
Boston Red Sox batting - Pitching for Houston Astros : RHP Mike Staus
Batting: LHB Brian Gray 0-0: Ball
1-0: Ball
2-0: Foul Ball, location: 2F
2-1: Ball
3-1: Foul Ball, location: 2F
3-2: Base on Balls
Batting: SHB Ben Ervin 0-0: Foul Ball, location: 2F
0-1: Fly out, F8 (Line Drive, 8RM, EV 89.4 MPH)
Batting: RHB Jim Zucco 0-0: Called Strike
Brian Gray steals 2nd base (no throw)
0-1: Ball
1-1: Called Strike
1-2: Ball
2-2: Foul Ball, location: 2F
2-2: Foul Ball, location: 2F
2-2: Ball
3-2: SINGLE (Groundball, 6MD, EV 103.1 MPH)
Brian Gray to third
Runner from 3rd tries for Home, SAFE, throw by CF to home
Batting: SHB Marvin Lawrence 0-0: Ball
1-0: Called Strike
1-1: Called Strike
1-2: Strikes out swinging
Batting: SHB Rich Chavez 0-0: Ball
1-0: Fielders Choice at 2nd, 6-4 (Groundball, 6, EV 93.1 MPH)
Top of the 4th over - 1 run, 1 hit, 0 errors, 1 left on base; Boston 1 - Houston 8
BOTTOM OF THE 4TH
Houston Astros batting - Pitching for Boston Red Sox : RHP Jose Saenz
Batting: LHB Chris Cabrera 0-0: Ball
1-0: Ball
2-0: Ball
3-0: Base on Balls
Batting: RHB Matt Thompson 0-0: Foul Ball, location: 2F
0-1: Ball
1-1: Ball
2-1: Called Strike
2-2: Ball
3-2: Foul Ball, location: 2F
3-2: Grounds into double play, 5-4-3 (Groundball, 56S, EV 85.0 MPH)
Batting: RHB Chang-wei Jiang 0-0: Ball
1-0: Ball
2-0: Ball
3-0: Called Strike
3-1: Base on Balls
Batting: SHB Addick de Vries 0-0: Ball
1-0: Called Strike
1-1: Ground out 1-3 (Groundball, 34S, EV 71.2 MPH)
Bottom of the 4th over - 0 runs, 0 hits, 0 errors, 1 left on base; Boston 1 - Houston 8
TOP OF THE 5TH
Boston Red Sox batting - Pitching for Houston Astros : RHP Mike Staus
Pitching: RHP Brett Kitchen
Batting: RHB Scott Treider 0-0: Ball
1-0: Called Strike
1-1: Swinging Strike
1-2: Foul Ball, location: 2F
1-2: Strikes out looking
Batting: LHB Shoichi Aso 0-0: Called Strike
0-1: Ball
1-1: Swinging Strike
1-2: Foul Ball, location: 2F
1-2: Strikes out swinging
Batting: RHB Won-jun Park 0-0: Ball
1-0: Ground out U3 (Groundball, 34, EV 103.8 MPH)
Top of the 5th over - 0 runs, 0 hits, 0 errors, 0 left on base; Boston 1 - Houston 8
BOTTOM OF THE 5TH
Houston Astros batting - Pitching for Boston Red Sox : RHP Jose Saenz
Batting: SHB Joe Gardner 0-0: Called Strike
0-1: Foul Ball, location: 2F
0-2: Foul Ball, location: 2F
0-2: Ball
1-2: Foul Ball, location: 2F
1-2: SINGLE (Groundball, 5L, EV 91.9 MPH) (infield hit)
Batting: RHB Trevor Mock 0-0: Ball
1-0: Ball
2-0: Called Strike
2-1: Fly out, F6 (Line Drive, 6, EV 65.6 MPH)
Batting: LHB Jim Keefe 0-0: Called Strike
0-1: Ball
1-1: Ball
2-1: SINGLE (Flyball, 8RS, EV 96.9 MPH)
Joe Gardner to second
Batting: RHB Jeremy Trump 0-0: Fly out, F4 (Popup, 4S, EV 86.2 MPH)
Batting: RHB Antonio Aranda 0-0: Called Strike
0-1: Ball
1-1: Fly out, F5 (Flyball, 5D, EV 85.0 MPH)
Bottom of the 5th over - 0 runs, 2 hits, 0 errors, 2 left on base; Boston 1 - Houston 8
TOP OF THE 6TH
Boston Red Sox batting - Pitching for Houston Astros : RHP Brett Kitchen
Batting: SHB Robbie Rogers 0-0: Ball
1-0: Called Strike
1-1: Ball
2-1: Foul Ball, location: 2F
2-2: TRIPLE (Flyball, 78XD, EV 111.9 MPH)
Batting: LHB Brian Gray 0-0: Ground out 4-3 (Groundball, 4S, EV 87.5 MPH)
Robbie Rogers scores
Batting: SHB Ben Ervin 0-0: Ground out U3 (Groundball, 13, EV 78.8 MPH)
Batting: RHB Jim Zucco 0-0: Foul Ball, location: 2F
0-1: Ball
1-1: Foul Ball, location: 2F
1-2: Ball
2-2: Ball
3-2: Foul Ball, location: 2F
3-2: Base on Balls
Batting: SHB Marvin Lawrence 0-0: Called Strike
0-1: Ground out U3 (Groundball, 3, EV 91.9 MPH)
Top of the 6th over - 1 run, 1 hit, 0 errors, 1 left on base; Boston 2 - Houston 8
BOTTOM OF THE 6TH
Houston Astros batting - Pitching for Boston Red Sox : RHP Jose Saenz
Pitching: LHP Zack McGovern
Batting: LHB Chris Cabrera 0-0: Ball
1-0: Ground out U3 (Groundball, 34S, EV 83.1 MPH)
Pinch Hitting: RHB Paul Shell 0-0: Foul Ball, location: 2F
0-1: Swinging Strike
0-2: Fly out, F6 (Popup, 6M, EV 54.4 MPH)
Pinch Hitting: LHB Sean Trueblood 0-0: Ball
1-0: Ball
2-0: Called Strike
2-1: Swinging Strike
2-2: Ball
3-2: Strikes out looking
Bottom of the 6th over - 0 runs, 0 hits, 0 errors, 0 left on base; Boston 2 - Houston 8
TOP OF THE 7TH
Boston Red Sox batting - Pitching for Houston Astros : RHP Brett Kitchen
Now at 2B: Paul Shell
Now at 3B: Sean Trueblood
Batting: SHB Rich Chavez 0-0: Foul Ball, location: 2F
0-1: Foul Ball, location: 2F
0-2: Ball
1-2: Ground out 5-3 (Groundball, 5, EV 85.0 MPH)
Batting: RHB Scott Treider 0-0: Foul Ball, location: 2F
0-1: SINGLE (Groundball, 4MD, EV 98.8 MPH)
Pitching: RHP Danny Bustos
Batting: LHB Shoichi Aso 0-0: Foul Ball, location: 2F
0-1: Foul Ball, location: 2F
0-2: Foul Ball, location: 2F
0-2: Ball
1-2: Foul Ball, location: 2F
1-2: Strikes out swinging
Batting: RHB Won-jun Park 0-0: Ball
1-0: Called Strike
1-1: Foul Ball, location: 2F
1-2: Strikes out swinging
Top of the 7th over - 0 runs, 1 hit, 0 errors, 1 left on base; Boston 2 - Houston 8
BOTTOM OF THE 7TH
Houston Astros batting - Pitching for Boston Red Sox : LHP Zack McGovern
Batting: SHB Nate Kopchak 0-0: Called Strike
0-1: Called Strike
0-2: Strikes out looking
Pinch Hitting: LHB Bob Myers 0-0: Called Strike
0-1: Ball
1-1: Foul Ball, location: 2F
1-2: Foul Ball, location: 2F
1-2: Ball
2-2: Strikes out swinging
Pinch Hitting: LHB Zack Berney 0-0: Called Strike
0-1: Ground out 4-3 (Groundball, 4, EV 76.2 MPH)
Bottom of the 7th over - 0 runs, 0 hits, 0 errors, 0 left on base; Boston 2 - Houston 8
TOP OF THE 8TH
Boston Red Sox batting - Pitching for Houston Astros : RHP Danny Bustos
Now in LF: Bob Myers
Now in CF: Zack Berney
Batting: SHB Robbie Rogers 0-0: Ball
1-0: Foul Ball, location: 2F
1-1: Ground out 6-3 (Groundball, 56, EV 86.2 MPH)
Pinch Hitting: RHB Chris Lane 0-0: Ball
1-0: Foul Ball, location: 2F
1-1: Swinging Strike
1-2: Foul Ball, location: 2F
1-2: Fly out, F8 (Flyball, 8LXD, EV 92.5 MPH)
Pinch Hitting: RHB Garry Hash 0-0: Ball
1-0: Foul Ball, location: 2F
1-1: Swinging Strike
1-2: Ball
2-2: Foul Ball, location: 2F
2-2: Foul Ball, location: 2F
2-2: Ball
3-2: Base on Balls
Pinch Hitting: RHB Mike Quackenbush 0-0: SINGLE (Groundball, 34D, EV 98.1 MPH)
Garry Hash to second
Runner from 2nd tries for 3rd, SAFE, throw by RF made to third
Pinch Hitting: RHB Bill Turnbull 0-0: Foul Ball, location: 2F
0-1: Swinging Strike
0-2: Strikes out swinging
Top of the 8th over - 0 runs, 1 hit, 0 errors, 2 left on base; Boston 2 - Houston 8
BOTTOM OF THE 8TH
Houston Astros batting - Pitching for Boston Red Sox : LHP Zack McGovern
Now at 1B: Bill Turnbull
Now at 2B: Rich Chavez
Now at 3B: Garry Hash
Now at SS: Mike Quackenbush
Now in LF: Chris Lane
Batting: LHB Jim Keefe 0-0: Ball
1-0: Ball
2-0: Ball
3-0: Called Strike
3-1: Foul Ball, location: 2F
3-2: SINGLE (Line Drive, 8RS, EV 105.6 MPH)
Pitching: RHP Billy Fitzgerald
Pinch Hitting: RHB Ben Hoffman 0-0: Called Strike
0-1: Ball
1-1: Foul Ball, location: 2F
1-2: SINGLE (Flyball, 8LS, EV 94.4 MPH)
Jim Keefe to second
Pinch Hitting: LHB Bryce Hill 0-0: Ball
1-0: Ball
2-0: Called Strike
2-1: Grounds into double play, 4-6-3 (Groundball, 4, EV 88.1 MPH)
Jim Keefe to third
Pinch Hitting: LHB Vinny Siebecker 0-0: Foul Ball, location: 2F
0-1: Swinging Strike
0-2: Strikes out swinging
Bottom of the 8th over - 0 runs, 2 hits, 0 errors, 1 left on base; Boston 2 - Houston 8
TOP OF THE 9TH
Boston Red Sox batting - Pitching for Houston Astros : RHP Danny Bustos
Now at 1B: Vinny Siebecker
Now at SS: Ian Jarvis
Now in CF: Ben Hoffman
Now in RF: Zack Berney
Batting: SHB Rich Chavez 0-0: Called Strike
0-1: Ball
1-1: Foul Ball, location: 2F
1-2: Foul Ball, location: 2F
1-2: Ball
2-2: Ball
3-2: SINGLE (Groundball, 34D, EV 93.8 MPH)
Pinch Hitting: LHB Kevin McCormic Jr. 0-0: Ball
1-0: Ball
2-0: Ball
3-0: Base on Balls
Rich Chavez to second
Batting: LHB Shoichi Aso 0-0: Foul Ball, location: 2F
0-1: Fly out, F8 (Line Drive, 8RXD, EV 106.9 MPH)
Runner from 2nd tags up, SAFE at 3rd, no throw by CF
Pinch Hitting: RHB Cesar Breceda 0-0: Ball
1-0: Fly out, F3 (Popup, 3S, EV 69.4 MPH)
Batting: SHB Robbie Rogers 0-0: Ball
1-0: Ground out 1-3 (Groundball, 15, EV 64.4 MPH)
Top of the 9th over - 0 runs, 1 hit, 0 errors, 2 left on base; Boston 2 - Houston 8
Wednesday, June 22nd , 2022 - OOTP Baseball 23.4 Build 64